 Dungeon Crawl Stone Soup version 0.17.0-57-g0e89251 (webtiles) character file.

746 Ijustatesigmund the Magician (level 7, 0/38 HPs)
             Began as a Deep Elf Wizard on Dec 7, 2015.
             Slain by a river rat (3 damage)
             ... in a sewer.
             The game lasted 00:15:51 (4602 turns).

Ijustatesigmund the Magician (Deep Elf Wizard)      Turns: 4602, Time: 00:15:51

Health: 0/38       AC:  5    Str:  9    XL:     7   Next: 48%
Magic:  6/19       EV: 12    Int: 25    God:
Gold:   308        SH:  0    Dex: 13    Spells: 6 memorised, 7 levels left

rFire  . . .     SeeInvis .     h - +3 dagger (chaos)
rCold  . . .     Clarity  .     a - +0 robe
rNeg   . . .     SustAt   +     (no shield)
rPois  .         Gourm    .     b - +0 hat
rElec  .         Spirit   .     i - +1 cloak
rCorr  .         Warding  .     (no gloves)
rMut   .         Stasis   .     o - +0 pair of boots
MR     .....                    (no amulet)
Stlth  ++........               n - ring of flight
                                l - ring of sustain attributes

@: mighty, repel missiles, not resistant to hostile enchantments, unstealthy
A: no striking features
a: Evoke Flight


You were in a sewer.
You were not hungry.

You visited 1 branch of the dungeon, and saw 5 of its levels.
You also visited: Sewer.

You collected 308 gold pieces.

Inventory:

Hand Weapons
 e - a +2 mace of crushing
 h - a +3 dagger of chaos (weapon)
 q - a +0 blowgun
Missiles
 g - 4 tomahawks of dispersal (quivered)
 r - 33 poisoned needles
 v - a throwing net
Armour
 a - a +0 robe (worn)
 b - a +0 hat (worn)
 i - a +1 cloak (worn)
 o - a +0 pair of boots (worn)
Jewellery
 l - a ring of sustain attributes (left hand)
 n - a ring of flight (right hand)
 w - an uncursed amulet of stasis
Wands
 p - a wand of frost (16)
Scrolls
 s - 2 scrolls of remove curse
 t - a scroll of teleportation
 u - a scroll of recharging
 y - a scroll of torment {unknown}
Potions
 f - a potion of berserk rage {unknown}
 j - 2 potions of mutation
 m - 2 potions of brilliance
 A - 2 potions of agility {unknown}
Books
 c - a book of Minor Magic

   Spells                             Type                      Level
   a - Magic Dart                     Conjuration                  1
   b - Blink                          Translocation                2
   c - Call Imp                       Summoning                    2
   d - Repel Missiles                 Charms/Air                   2
   e - Slow                           Hexes                        2
   f - Conjure Flame                  Conjuration/Fire             3
   g - Mephitic Cloud                 Conjuration/Poison/Air       3
Comestibles
 d - 4 bread rations
 x - a slice of pizza


   Skills:
 + Level 1.6 Fighting
 - Level 2.4 Dodging
 - Level 2.4 Stealth
 - Level 7.0 Spellcasting
 + Level 6.8 Conjurations
 - Level 1.1 Summonings
 - Level 1.1 Translocations
 + Level 1.6 Air Magic
 + Level 1.5 Poison Magic


You had 7 spell levels left.
You knew the following spells:

 Your Spells              Type           Power        Failure   Level  Hunger
a - Magic Dart            Conj           ####         1%          1    None
b - Blink                 Tloc           N/A          10%         2    None
c - Repel Missiles        Chrm/Air       ##....       10%         2    None
d - Mephitic Cloud        Conj/Pois/Air  ####....     6%          3    None
e - Conjure Flame         Conj/Fire      ####....     6%          3    None
f - Call Imp              Summ           ##......     10%         2    None


Dungeon Overview and Level Annotations

Branches:
Dungeon (5/15)
 Temple: D:4-7

Altars:
Makhleb
Okawaru
Xom
Yredelemnul


Message History

Casting: Magic Dart
Confirm with . or Enter, or press ? or * to list all spells.
Aiming: Magic Dart
Press: ? - help, Shift-Dir - straight line, f/p - river rat
Aim: a river rat The magic dart hits the river rat.
The river rat is lightly wounded.
The river rat barely misses you.
Casting: Magic Dart
Confirm with . or Enter, or press ? or * to list all spells.
Aiming: Magic Dart
Press: ? - help, Shift-Dir - straight line, f/p - river rat
Aim: a river rat (lightly wounded)
The magic dart hits the river rat.
The river rat is heavily wounded.
The river rat barely misses you.
You puncture the river rat!
The river rat looks slightly unstable.
The river rat is almost dead.
The river rat bites you.
You die... ############### ≈..r...∩.∩.r@.# ###############

You could see a river rat.

Vanquished Creatures
  Sigmund (D:3)
  2 ogres (D:4)
  A scorpion (D:5)
  A crimson imp (D:3)
  A jelly (D:3)
  An orc priest (D:3)
  A hound (D:4)
  3 worker ants (D:4)
  8 adders
  A river rat (Sewer)
  An ooze (D:1)
  An adder skeleton (D:4)
  An adder zombie (D:5)
  3 worms
  5 giant geckos
  6 orcs
  A ball python (D:5)
  6 giant cockroaches
  4 hobgoblins
  6 kobolds
  4 bats
  9 giant newts
  7 goblins
  2 jackals (D:2)
  A jackal skeleton (D:4)
  3 quokkas (D:3)
  8 rats
88 creatures vanquished.

Notes
Turn   | Place    | Note
--------------------------------------------------------------
     0 | D:1      | Ijustatesigmund the Deep Elf Wizard began the quest for the Orb.
     0 | D:1      | Reached XP level 1. HP: 10/10 MP: 7/7
   597 | D:1      | Reached XP level 2. HP: 15/15 MP: 6/9
   601 | D:1      | Learned a level 2 spell: Blink
   604 | D:1      | Learned a level 2 spell: Repel Missiles
  1357 | D:2      | Reached XP level 3. HP: 19/19 MP: 8/11
  1362 | D:2      | Learned a level 3 spell: Mephitic Cloud
  1366 | D:2      | Learned a level 3 spell: Conjure Flame
  1482 | D:2      | Reached skill level 5 in Spellcasting
  1989 | D:2      | Reached XP level 4. HP: 24/24 MP: 8/13
  2340 | D:3      | Learned a level 2 spell: Call Imp
  2350 | D:3      | Noticed Sigmund
  2371 | D:3      | Killed Sigmund
  2371 | D:3      | Reached skill level 6 in Spellcasting
  2371 | D:3      | Reached skill level 5 in Conjurations
  2371 | D:3      | Reached XP level 5. HP: 28/28 MP: 4/15
  2653 | D:3      | Reached XP level 6. HP: 19/32 MP: 4/17
  3281 | D:3      | Found a burning altar of Makhleb.
  3281 | D:3      | Found a shimmering altar of Xom.
  3559 | D:4      | Found a basalt altar of Yredelemnul.
  3690 | D:4      | Reached skill level 7 in Spellcasting
  3864 | D:4      | Reached XP level 7. HP: 35/37 MP: 7/19
  3876 | D:4      | Reached skill level 1 in Fighting
  3876 | D:4      | Reached skill level 1 in Air Magic
  3876 | D:4      | Reached skill level 1 in Poison Magic
  4172 | D:4      | Found an iron altar of Okawaru.
  4470 | D:5      | Entered Level 5 of the Dungeon
  4505 | D:5      | Found a glowing drain.
  4583 | Sewer    | Entered a sewer
  4602 | Sewer    | Slain by a river rat

Action                   |  1- 3 |  4- 6 |  7- 9 || total
-------------------------+-------+-------+-------++-------
Melee: Mace              |     3 |       |       ||     3
       Dagger            |       |     9 |    18 ||    27
Throw: Tomahawk          |       |     1 |       ||     1
 Cast: Magic Dart        |    89 |   101 |    49 ||   239
       Repel Missiles    |     1 |       |       ||     1
       Mephitic Cloud    |       |     6 |     4 ||    10
       Blink             |       |     3 |     1 ||     4
Evoke: Wand              |       |       |     1 ||     1
  Use: Scroll            |     2 |    10 |     1 ||    13
       Potion            |       |       |     1 ||     1
 Stab: Confused          |       |     2 |       ||     2
  Eat: Chunk             |     3 |     1 |     1 ||     5
       Pizza             |       |     1 |       ||     1
       Beef jerky        |       |     2 |     1 ||     3
